 Dungeon Crawl Stone Soup version 0.22-a0-93-g6b88ebb (webtiles) character file.

28 sankara the Poker (level 3, -5/28 HPs)
             Began as a Merfolk Skald on Jan 24, 2018.
             Slain by a goblin
             ... wielding a +0 club
             ... led by Robin
              (8 damage)
             ... on level 1 of the Dungeon.
             The game lasted 00:04:16 (894 turns).

sankara the Poker (Merfolk Skald)                    Turns: 894, Time: 00:04:17

Health: -5/28      AC:  3    Str: 11    XL:     3   Next: 14%
Magic:  2/6        EV: 12    Int: 12    God:
Gold:   43         SH:  0    Dex: 14    Spells: 3/6 levels left

rFire    . . .     SeeInvis .   a - +0 spear
rCold    . . .     Gourm    .   (no shield)
rNeg     . . .     Faith    .   b - +0 leather armour
rPois    .         Spirit   .   (no helmet)
rElec    .         Reflect  .   (no cloak)
rCorr    .         Harm     .   (no gloves)
MR       .....                  (no boots)
Stlth    +.........             (no amulet)
HPRegen  0.09/turn              (no ring)
MPRegen  0.10/turn              (no ring)

@: singing, very slightly contaminated
A: change form in water, swift swim, stealthy swim
a: no special abilities


You were on level 1 of the Dungeon.
You were not hungry.

You visited 1 branch of the dungeon, and saw 2 of its levels.

You collected 43 gold pieces.

Inventory:

Hand Weapons
 a - a +0 spear (weapon)
Armour
 b - a +0 leather armour (worn)
Jewellery
 e - an uncursed amulet of guardian spirit
Scrolls
 f - a scroll of teleportation {unknown}
 g - a scroll of enchant weapon {unknown}
 i - a scroll of fog {unknown}
 j - 2 scrolls of identify {unknown}
 l - 2 scrolls of remove curse {unknown}
 n - a scroll of magic mapping {unknown}
Potions
 k - 2 potions of might {unknown}
 m - a potion of degeneration {unknown}
 o - a potion of curing {unknown}
Books
 c - a book of Battle

   Spells                             Type                      Level
   a - Infusion                       Charms                       1
   b - Shroud of Golubria             Charms/Translocation         2
   c - Song of Slaying                Charms                       2
   d - Spectral Weapon                Hexes/Charms                 3
   e - Regeneration                   Charms/Necromancy            3
Comestibles
 d - 3 rations
 h - 3 chunks of flesh


   Skills:
 + Level 2.6 Fighting
 * Level 4.1 Polearms
 + Level 0.4 Throwing
 - Level 0.6 Armour
 - Level 2.6 Dodging
 - Level 2.0 Spellcasting
 + Level 3.6 Charms


You had 3 spell levels left.
You knew the following spells:

 Your Spells              Type           Power        Failure   Level  Hunger
a - Infusion              Chrm           #...         9%          1    ##.....
b - Song of Slaying       Chrm           #.......     12%         2    ###....


Dungeon Overview and Level Annotations

Branches:
Dungeon (2/15)

Altars:

Annotations:
D:2 Robin


Message History

The goblin hits you. The hobgoblin closely misses you.
You are too injured to fight recklessly!
You are too injured to fight recklessly!
You are too injured to fight recklessly!
The goblin hits you with a club.
* * * LOW HITPOINT WARNING * * *
There is a stone staircase leading up here.
Unknown command.
The goblin closely misses you. The goblin hits you.
* * * LOW HITPOINT WARNING * * *
You hear a zap.
Some rock shatters into small pieces.
You climb upwards.
There is a stone staircase leading down here.
You hit the hobgoblin.
The hobgoblin is moderately wounded.
The hobgoblin hits you.
* * * LOW HITPOINT WARNING * * *
The goblin hits you with a club!
You die...

######### #.......#
#######.####.# #.....#.#
#.######
#.....#.####.##g..##############
#.........##.##@g...............
#.....#.#.##.##g#.......##.##.#.
#.....#.#..#.##.#######..#.##.#.
#....(#.#.....#.......##.#.#..#.
####+##..#.....)#......#.#.#.##.
#............##.....#.#.#.##.
#......#......##....#.#.#.##.
#..............##...#.#.#.##.
#......#........##..#......'.


You could see a hobgoblin and 2 goblins.

Vanquished Creatures
  2 dart slugs (D:1)
  A leopard gecko (D:1)
  3 goblins
  2 hobgoblins (D:1)
  2 jackals (D:1)
  4 kobolds (D:1)
  6 bats
  A frilled lizard (D:2)
  2 rats (D:1)
23 creatures vanquished.

Notes
Turn   | Place    | Note
-------+----------+-------------------------------------------
     0 | D:1      | sankara the Merfolk Skald began the quest for the Orb.
     0 | D:1      | Reached XP level 1. HP: 16/16 MP: 3/3
   144 | D:1      | Reached XP level 2. HP: 23/23 MP: 0/5
   269 | D:1      | Learned a level 2 spell: Song of Slaying
   674 | D:1      | Reached skill level 4 in Polearms
   679 | D:1      | Reached XP level 3. HP: 23/28 MP: 6/6
   884 | D:2      | Noticed Robin
   894 | D:1      | Slain by a goblin

Vault maps used:
D:1:      giann_horns, palyth_stone_intersect
D:2:      wad_woods_stonehenge, first_ration, uniq_robin,
          uniq_crazy_yiuf_cottage

Skill      XL: |  1  2 |
---------------+-------+-----
Polearms       | 4 |  4.1
Fighting       | |  2.6
Throwing       | |  0.4
Armour         | |  0.6
Dodging        | |  2.6
Spellcasting   | |  2.0
Charms         | |  3.6

Action                   || total
-------------------------++-------
Melee: Spear             ||    72
 Cast: Infusion          ||     6
       Song of Slaying   ||     1
 Stab: Sleeping          ||     1
Armor: Leather armour    ||    15
Dodge: Dodged            ||    38

Table legend:
 A = Spawn XP
 B = Non-spawn XP
 C = Spawn XP percentage of total XP
 D = Spawn monster count
 E = Non-spawn monster count
 F = Spawn count percentage of total count
 G = Total turns spent on level
                    A         B        C        D         E        F      G
               +---------+---------+-------+---------+---------+-------+---------
         Total |       0 |      41 |   0.0 |       0 |      23 |   0.0 |   894
               +---------+---------+-------+---------+---------+-------+---------
           D:1 |       0 |      35 |   0.0 |       0 |      19 |   0.0 |   864
           D:2 |       0 |       6 |   0.0 |       0 |       4 |   0.0 |    30
               +---------+---------+-------+---------+---------+-------+---------
